 Dungeon Crawl Stone Soup version 0.30-a0-1014-g3371b13838 (console) character file.

Game seed: 485221853650346892

432304 Banquo the Sorcerer (level 25, -11/185 HPs)
             Began as a Djinni Fire Elementalist on Apr 6, 2023.
             Was the Champion of Dithmenos.
             Mangled by a yaktaur captain simulacrum (12 damage)
             ... summoned by a curse skull
             ... on level 3 of the Vaults on Apr 10, 2023.
             The game lasted 08:50:58 (63377 turns).

Banquo the Sorcerer (Djinni Fire Elementalist)     Turns: 63377, Time: 08:50:59

Health: -11/185    AC: 19    Str: 10      XL:     25   Next: 10%
Gold:   4605       EV: 17    Int: 23 (25) God:    Dithmenos [******] SH: 25 Dex: 18

rFire   + + .      SeeInvis +    a - +9 long sword {heavy, Contam rC+ Str+3 SInv}
rCold   + . .      Faith    +    i - +3 tower shield "Ytsiat" {rElec Regen+ Dex-3}
rNeg    . . .      Spirit   .    d - +0 troll leather armour
rPois   ∞          Reflect  .    h - +0 hat {Will+}
rElec   +          Rampage  +    e - +2 cloak {rCorr}
rCorr   +                        g - +1 pair of gloves {Dex+3}
Will    +++..                    (boots unavailable)
Stlth   +                        P - amulet of Temptation {Faith Rampage Regen+ Slay+5 Stlth-}
HPRegen 2.90/turn                T - ring of the Tortoise {AC+8}
MPRegen 0.00/turn                C - ring of protection from cold

@: flying, hasted, wreathed by umbra, very quick
A: sickness immunity, fire resistance 2, cold vulnerability 1, float, innate
caster, HP casting, extra vitality 1
}: 2/15 runes: decaying, gossamer
a: Renounce Religion, Shadow Step, Shadow Form


You were on level 3 of the Vaults.
You worshipped Dithmenos.
Dithmenos was exalted by your worship.
You visited 10 branches of the dungeon, and saw 43 of its levels.
You visited 1 bazaar.
You also visited: Sewer, Bailey and Ice Cave.

You collected 7105 gold pieces.
You spent 2500 gold pieces at shops.

Inventory:

Hand Weapons
 a - the +9 long sword of Fate (weapon) {heavy, Contam rC+ Str+3 SInv}
   (You found it on level 9 of the Dungeon)

   Str:       It affects your strength (+3).
   rC:        It protects you from cold.
   SInv:      It lets you see invisible.
   Contam:    It causes magical contamination when unequipped.
 Y - the +12 scimitar "Gitaumuji" {freeze, Will++}
   (You took it off a vampire knight on level 2 of the Depths)

   Will:      It greatly increases your willpower.
Armour
 d - a +0 troll leather armour (worn)
 e - a +2 cloak of preservation (worn)
 g - a +1 pair of gloves of dexterity (worn)
 h - a +0 hat of willpower (worn)
 i - the +3 tower shield "Ytsiat" (worn) {rElec Regen+ Dex-3}
   (You took it off Louise on level 1 of the Elven Halls)

   Dex:       It affects your dexterity (-3).
   rElec:     It insulates you from electricity.
   Regen:     It increases your rate of health regeneration.
Magical Staves
 b - a staff of fire
Jewellery
 k - the ring of Ufruqiet {Drain rPois rN+ Int+6 Dex+3}
   (You found it on level 3 of the Elven Halls)

   [ring of intelligence]

   Int:       It affects your intelligence (+6).
   Dex:       It affects your dexterity (+3).
   rPois:     It protects you from poison.
   rN:        It protects you from negative energy.
   Drain:     It drains your maximum health when unequipped.
 u - the ring of the Catfish {Drain rF+ AC+4 Int+6}
   (You found it on level 3 of the Depths)

   [ring of protection]

   AC:        It affects your AC (+4).
   Int:       It affects your intelligence (+6).
   rF:        It protects you from fire.
   Drain:     It drains your maximum health when unequipped.
 C - a ring of protection from cold (right hand)
 K - a +4 ring of slaying
 P - the amulet of Temptation (around neck) {Faith Rampage Regen+ Slay+5 Stlth-}
   (You found it on level 1 of the Depths)

   [amulet of faith]

   It allows you to gain divine favour quickly.
   Slay:      It affects your accuracy & damage with ranged weapons and melee
   (+5).
   Regen:     It increases your rate of health regeneration.
   Rampage:   It bestows one free step when moving towards enemies.
   Stlth:     It makes you less stealthy.
 R - the ring "Mide" {rElec Will+ Dex+6}
   (You took it off a deep elf death mage on level 3 of the Elven Halls)

   [ring of dexterity]

   Dex:       It affects your dexterity (+6).
   rElec:     It insulates you from electricity.
   Will:      It increases your willpower.
 S - a ring of see invisible
 T - the ring of the Tortoise (left hand) {AC+8}
   (You found it on level 2 of the Depths)

   [ring of protection]

   AC:        It affects your AC (+8).
 W - a ring of wizardry
Wands
 c - a wand of flame (10)
 o - a wand of light (60)
 D - a wand of digging (2)
 I - a wand of mindburst (31)
 U - a wand of roots (44)
Scrolls
 j - a scroll of butterflies
 m - 6 scrolls of magic mapping
 p - 7 scrolls of poison
 s - a scroll of acquirement
 z - 8 scrolls of blinking
 L - 12 scrolls of fear
 O - 9 scrolls of teleportation
 X - 6 scrolls of fog
Potions
 f - 3 potions of might
 l - 14 potions of haste
 n - 2 potions of invisibility
 q - 22 potions of curing
 v - 17 potions of ambrosia
 w - 10 potions of heal wounds
 x - 3 potions of resistance
 B - 6 potions of brilliance
 H - 4 potions of cancellation
Miscellaneous
 t - a lightning rod (4/4)
 V - a box of beasts


   Skills:
 * Level 17.5 Fighting
 - Level 6.0 Long Blades
 - Level 8.0 Armour
 - Level 12.0 Dodging
 - Level 1.6 Stealth
 * Level 18.7 Shields
 - Level 23.0 Spellcasting
 - Level 10.0 Invocations


You knew the following spells:

 Your Spells              Type           Power      Damage    Failure   Level
a - Simulacrum            Ice/Necr       46%        N/A       1%          6
b - Volatile Blastmotes   Fire/Tloc      100%       2d18      0%          3
c - Scorch                Fire           100%       2d9       0%          2
e - Infestation           Necr           46%        N/A       2%          8
f - Cause Fear            Hex            46%        N/A       0%          4
g - Summon Small Mammal   Summ           100%       N/A       0%          1
l - Summon Lightning Spi  Summ/Air       93%        N/A       0%          4
m - Monstrous Menagerie   Summ           46%        N/A       1%          7
s - Starburst             Conj/Fire      46%        6d13      1%          6
w - Flame Wave            Conj/Fire      93%        2d20      0%          4
x - Summon Horrible Thin  Summ           46%        N/A       2%          8
z - Foxfire               Conj/Fire      100%       2x1d9     0%          1
J - Dragon Form           Tmut           46%        N/A       1%          7
K - Silence               Hex/Air        46%        N/A       0%          5
L - Wereblood             Tmut           93%        N/A       0%          2
M - Swiftness             Air            93%        N/A       0%          3
N - Inner Flame           Hex/Fire       93%        N/A       0%          3
Your spell library was empty.

Dungeon Overview and Level Annotations

Branches:
Dungeon (15/15)            Temple (1/1) D:7            Lair (5/5) D:10
  Swamp (4/4) Lair:3       Spider (4/4) Lair:2        Slime (0/5) Lair:4
    Orc (2/2) D:12            Elf (3/3) Orc:2        Vaults (4/5) D:14
  Crypt (1/3) Vaults:3     Depths (4/4) D:15            Zot (0/5) Depths:4
  Sewer (visited)          Bailey (visited)           IceCv (visited)

Altars:
Ashenzari
Cheibriados
Dithmenos
Elyvilon
Fedhas
Gozag
Hepliaklqana
Makhleb
Nemelex Xobeh
Okawaru
Qazlal
Ru
Trog
Uskayaw
Wu Jian
Xom
Yredelemnul
Zin
The Shining One
Jiyva

Shops:
D:4 [   D:5 =   D:7 (   D:10 (![:?   D:11 ?   D:14 :   D:15 !   Orc:2 [*(=
Elf:3 ?:[[   Vaults:1 ?   Vaults:2 [   Depths:2 *

Portals:
Hell: Depths:1 Depths:2 Depths:3 Depths:4
Abyss: Depths:3
Pandemonium: Depths:2
Ziggurat: Depths:4

Annotations:
Elf:2 3 runed translucent doors
Crypt:1 1 runed translucent door, Melaul's ghost, veteran FoVM


Innate Abilities, Weirdness & Mutations

You are immune to sickness and miasma.
You are immune to poison.
Your flesh is very heat resistant. (rF++)
You are vulnerable to cold. (rC-)
You float through the air rather than walking.
You learn spells naturally, not from books.
Your magical power is your life essence.
You have superior vitality. (+4 MHP)


Message History

The vampire hits you but does no damage.
The vampire completely misses you. The flayed ghost hits you.
* * * LOW HITPOINT WARNING * * *
The jiangshi barely misses you. You block the jiangshi's attack.
The curse skull rattles its jaw.
The jiangshi claws you!
* * * LOW HITPOINT WARNING * * *
The jiangshi completely misses you. The flying skull hits you.
* * * LOW HITPOINT WARNING * * *
Unknown command.
You feel much better.
The spectral tengu reaver disappears in a puff of smoke!
The vampire disappears in a puff of smoke!
The jiangshi disappears in a puff of smoke!
You block the jiangshi's attack. The jiangshi barely misses you.
You block the flying skull's attack. You block the vampire's attack. x2
The flayed ghost hits you!!
* * * LOW HITPOINT WARNING * * *
The jiangshi completely misses you.
The jiangshi claws you but does no damage.
Unknown command.
You feel much better.
The curse skull calls on the powers of darkness!
Your body is wracked with pain!
* * * LOW HITPOINT WARNING * * *
The flying skull misses you. You block the jiangshi's attack. x2
You block the flayed ghost's attack.
The vampire hits you but does no damage.
The vampire misses you. The flying skull closely misses you.
You feel yourself speed up. The jiangshi barely misses you.
You block the jiangshi's attack. The jiangshi claws you!
* * * LOW HITPOINT WARNING * * *
You block the jiangshi's attack. The flying skull completely misses you.
You block the flayed ghost's attack. The vampire closely misses you.
The vampire bites you but does no damage.
The yaktaur captain simulacrum hits you!
* * * LOW HITPOINT WARNING * * *
The yaktaur captain simulacrum freezes you!
You resist.
You die...

.........#
#####'################
#........#.........#
#........#..#####..# #
#........'..#...#..# #
#........#.##..§##.# #
#........#.#.§Z§§#.# #
#........#.#WzzW§§)# #
#........#.#WZ@V.#.#
#........'.##V.§##[#
#######'####..#§§§#.)#
.........# #..#####..#
.........# #.........#
.........####'''######
.........#.....^..#
.........#........#
.........#........#


You could see a jiangshi (summoned), 2 flayed ghosts, a shadow wraith (summoned,
invisible), a curse skull, a spectral deep elf annihilator (summoned), a vampire
(summoned), a flying skull (summoned) and a yaktaur captain simulacrum
(summoned).

Vanquished Creatures
  2 dread liches
  2 juggernauts (Depths:2)
  Bai Suzhen (Depths:1)
  Saint Roka (Depths:1)
  3 golden dragons
  Arachne (Spider:3)
  A hellephant (Depths:1)
  Jorgrun (Spider:1)
  2 liches
  A walking frostbound tome (Depths:4)
  A deep elf blademaster (Elf:3)
  Frances (Swamp:2)
  An ancient champion (Crypt:1)
  2 sphinxes
  The ghost of Mandevil the Warrior, an adept DgHu (Spider:2)
  A thorn hunter (Swamp:4)
  A storm dragon (Depths:4)
  3 tengu reavers
  A draconian monk (Depths:4)
  2 revenants (Crypt:1)
  A fire giant (Depths:2)
  A draconian knight (Depths:4)
  4 frost giants
  Aizul (Crypt:1)
  4 ghost moths
  3 emperor scorpions (Spider:4)
  A caustic shrike zombie (Depths:2)
  A deep elf sorcerer (Elf:3)
  10 vault wardens
  A balrug (Depths:4)
  Louise (Elf:1)
  5 very ugly things
  A deep elf elementalist (Elf:3)
  A ghoul (Crypt:1)
  2 caustic shrike skeletons (Crypt:1)
  4 stone giants
  A broodmother (Spider:3)
  The ghost of Zigma the Brawler, a journeyman DrMo of Yredelemnul (Orc:1)
  8 ironbound preservers
  4 vampire knights
  5 deep elf demonologists
  4 eleionomae
  A rockslime zombie (Crypt:1)
  3 ironbound thunderhulks
  2 deep elf annihilators (Elf:3)
  A purple draconian (Depths:4)
  14 dire elephants
  5 spark wasps
  A bunyip (Swamp:1)
  5 ettins
  Josephine (D:10)
  8 deep elf death magi
  3 eidola (Crypt:1)
  2 fire dragons
  2 spriggan zombies (Crypt:1)
  An acid blob zombie (Crypt:1)
  3 entropy weavers
  A rakshasa (D:14)
  3 yaktaur captains
  A deep elf high priest (Elf:3)
  3 shambling mangroves (Swamp:4)
  3 ghost crabs
  2 jiangshi (Crypt:1)
  A caustic shrike simulacrum (Crypt:1)
  6 great orbs of eyes
  14 vault guards
  8 ice dragons
  2 spriggan skeletons (Crypt:1)
  2 radroaches
  11 hydras
  2 spriggan air magi
  6 ironbound frosthearts
  4 alligators
  A catoblepas (Lair:2)
  A boulder beetle (Spider:4)
  A jorogumo (Spider:4)
  A death knight (Crypt:1)
  3 dancing weapons
  A spectral stone giant (Depths:2)
  2 centaur warriors
  3 two-headed ogres
  3 deep troll earth magi (Depths:4)
  A death scarab (Spider:2)
  An orc high priest (Orc:1)
  10 tengu warriors
  4 deep troll shamans
  5 hell hogs
  6 spriggans
  5 death yaks
  2 spectral emperor scorpions (Spider:2)
  3 vampire magi
  Urug (Orc:1)
  A shadow wraith (Depths:2)
  A titan skeleton (Crypt:1)
  5 deep elf knights
  4 pharaoh ants
  A spectral ghost moth (Spider:2)
  2 iron trolls (Depths:4)
  30 deep trolls
  4 skeletal warriors (Depths:2)
  5 spriggan druids (Swamp:4)
  3 goliath frogs
  2 anaconda zombies (Crypt:1)
  A spriggan simulacrum (Crypt:1)
  2 flayed ghosts (Swamp:4)
  2 skysharks
  2 glowing orange brains
  3 spectral hydras (Swamp:4)
  3 swamp dragons (Swamp:4)
  7 necromancers
  11 deep elf archers
  8 ironbound convokers
  7 lindwurms
  3 bog bodies
  Pikel (D:5)
  A golden dragon skeleton (Depths:2)
  6 steelbarb worms
  4 orb spiders (Spider:4)
  3 phantasmal warriors (Crypt:1)
  5 wizards
  4 harpies (Vaults:4)
  26 deep elf pyromancers
  A spectral wolf spider (Spider:2)
  3 orc knights
  An iron dragon zombie (Crypt:1)
  23 deep elf zephyrmancers
  10 ugly things
  A human zombie (Vaults:3)
  An oklob plant (Swamp:4)
  2 orc sorcerers (Orc:1)
  18 wolf spiders
  A manticore (D:13)
  A frost giant zombie (Depths:2)
  2 cyclopes
  A stone giant skeleton (Vaults:3)
  A moth of wrath (Spider:1)
  A fire giant zombie (Depths:2)
  4 will-o-the-wisps
  7 black mambas
  3 vault sentinels
  10 elephants
  A fire giant skeleton (Vaults:3)
  2 gargoyles
  An ice statue (IceCv)
  2 torpor snails
  5 demonic crawlers
  3 rime drakes
  11 cane toads
  A freezing wraith (Crypt:1)
  2 kobold demonologists (D:11)
  An anaconda simulacrum (Crypt:1)
  A hydra zombie (Swamp:4)
  15 yaktaurs
  10 komodo dragons
  3 tengu conjurers
  A bloated husk (Swamp:3)
  6 trolls
  A death drake zombie (Swamp:4)
  2 harpy zombies (Crypt:1)
  14 hornets
  A polar bear (shapeshifter) (D:14)
  9 polar bears (IceCv)
  18 tarantellas
  Prince Ribbit (Bailey)
  A harpy skeleton (Crypt:1)
  29 blink frogs
  5 tyrant leeches
  A great orb of eyes zombie (Crypt:1)
  A frost giant simulacrum (Vaults:3)
  Sigmund (D:6)
  18 jumping spiders
  12 flying skulls (Crypt:1)
  15 slime creatures
  12 culicivoras
  9 air elementals
  A shadow (D:10)
  A vampire (D:12)
  4 wyverns
  6 wraiths
  7 water elementals
  2 hogs (Lair:2)
  Eustachio (D:6)
  46 yaks
  12 humans
  2 yaktaur simulacra (Vaults:3)
  22 redbacks
  A basilisk (D:12)
  A warg (D:12)
  A steam dragon (D:6)
  11 vampire mosquitoes
  Edmund (D:6)
  A deep troll zombie (Crypt:1)
  2 hydra simulacra (Swamp:4)
  10 swamp worms
  A glowing shapeshifter zombie (Vaults:3)
  2 spectral entropy weavers (Spider:2)
  10 water moccasins
  An acid dragon (D:10)
  A two-headed ogre skeleton (Crypt:1)
  A glowing shapeshifter skeleton (Crypt:1)
  A sky beast (D:5)
  A swamp dragon zombie (Swamp:4)
  2 swamp drakes (Swamp:4)
  3 ice beasts
  3 ettin simulacra (Depths:3)
  14 orc warriors
  A black bear (D:5)
  6 ogres
  22 wolves
  4 centaurs
  A swamp dragon skeleton (Swamp:4)
  A phantom (D:4)
  2 lemures
  7 kobold brigands
  A rime drake skeleton (Crypt:1)
  24 bullfrogs
  The ghost of Gandelf the Magician, an amateur SpCj (D:4)
  2 scorpions
  24 killer bees
  A human simulacrum (Vaults:3)
  4 howler monkeys
  2 vampire bats (Lair:3)
  2 electric eels
  2 hounds
  8 orc priests
  Crazy Yiuf (D:2)
  6 jellies
  2 gnoll boudas
  2 sleepcaps
  Terence (D:2)
  3 iguanas
  17 orc wizards
  23 gnolls
  2 river rats (Sewer)
  11 adders
  A white imp (D:7)
  8 worms
  5 dart slugs
  43 orcs
  11 ball pythons
  9 bats
  12 endoplasms
  3 giant cockroaches
  13 goblins
  7 hobgoblins
  7 jackals
  21 kobolds
  3 quokkas
  5 frilled lizards
  10 rats
  7 briar patches
  A bush (Lair:5)
1252 creatures vanquished.

Vanquished Creatures (collateral kills)
  Sojobo (Depths:1)
  Xtahua (Vaults:4)
  A caustic shrike (Depths:2)
  Nikola (Depths:1)
  A bone dragon (Depths:4)
  Rupert (Lair:3)
  A walking earthen tome (Depths:2)
  2 deep elf master archers (Elf:3)
  A lich (Depths:2)
  A deep elf blademaster (Elf:3)
  A walking divine tome (Depths:2)
  3 sphinxes
  Kirke (Lair:2)
  A thorn hunter (Swamp:1)
  3 tengu reavers
  4 frost giants
  A fire giant (Depths:2)
  3 deep elf sorcerers (Elf:3)
  7 vault wardens
  A deep elf elementalist (Elf:3)
  A juggernaut zombie (Depths:2)
  3 orc warlords
  5 ironbound preservers
  An ironbound thunderhulk (Vaults:4)
  A quicksilver ooze (shapeshifter) (Depths:2)
  A stone giant (Depths:1)
  A very ugly thing (Depths:4)
  An eleionoma (Swamp:3)
  3 deep elf annihilators (Elf:3)
  3 deep elf demonologists (Elf:3)
  3 bunyips
  Azrael (Spider:3)
  4 dire elephants
  A white draconian (Depths:4)
  A red draconian (Depths:4)
  2 shambling mangroves (Swamp:4)
  5 deep elf death magi
  2 yaktaur captains (Vaults:3)
  3 entropy weavers
  4 fire dragons
  3 rakshasas
  2 ice dragons
  4 hydras
  A great orb of eyes (Vaults:2)
  The ghost of Xafrigaq the Spear-Bearer, a journeyman GnRe of Sif Muna (Lair:1)
  2 vault guards (Vaults:3)
  A peacekeeper (Vaults:4)
  2 ghost crabs (Swamp:4)
  A catoblepas (Lair:5)
  3 spriggan air magi
  4 ironbound frosthearts
  2 deep troll shamans
  An alligator (Swamp:3)
  4 tengu warriors
  6 death yaks
  3 two-headed ogres
  4 boulder beetles
  10 hell hogs
  15 dancing weapons
  2 deep troll earth magi
  2 vampire magi
  A soul eater (Depths:2)
  2 sun demons (Depths:2)
  3 deep elf knights
  An iron troll (Depths:4)
  A sixfirhy (Depths:2)
  A skeletal warrior (Crypt:1)
  A pharaoh ant (Spider:3)
  2 goliath frogs
  A death drake (shapeshifter) (Depths:4)
  10 deep trolls
  A fire crab (shapeshifter) (D:15)
  2 flayed ghosts (Depths:2)
  3 orb spiders
  A spriggan druid (Swamp:3)
  4 wizards
  2 swamp dragons
  5 ironbound convokers
  6 orc knights
  A deep elf archer (Elf:3)
  3 necromancers
  2 bog bodies (Swamp:3)
  A steelbarb worm (Spider:3)
  4 deep elf pyromancers
  2 lindwurms
  6 wolf spiders
  2 oklob plants (Swamp:4)
  A shining eye (shapeshifter) (D:14)
  10 ugly things
  A sphinx skeleton (Depths:2)
  3 deep elf zephyrmancers
  3 elephants (Lair:5)
  3 orc sorcerers
  A will-o-the-wisp (Swamp:4)
  2 salamanders (Depths:4)
  8 vault sentinels
  2 cyclopes
  A moth of wrath (Spider:2)
  A frost giant skeleton (Depths:2)
  2 smoke demons (Depths:4)
  2 torpor snails
  A demonic crawler (Spider:3)
  2 cane toads
  2 rime drakes
  2 kobold demonologists
  A hellion (Depths:2)
  6 yaktaurs
  A spark wasp simulacrum (Depths:2)
  3 efreet
  A tengu conjurer (Depths:2)
  4 polar bears (IceCv)
  A troll (D:12)
  2 hydra zombies (Swamp:4)
  A queen bee (Lair:1)
  A death drake zombie (Swamp:4)
  2 hellwings (Depths:2)
  9 tarantellas
  A tyrant leech (Swamp:3)
  4 blink frogs
  A hydra skeleton (Swamp:4)
  5 hornets
  4 dream sheep (Lair:5)
  9 culicivoras
  14 slime creatures
  7 jumping spiders
  4 spriggans
  A wyvern (D:11)
  17 yaks
  3 ynoxinuls (Depths:2)
  A chaos spawn (Depths:2)
  4 fire elementals
  A basilisk (Lair:3)
  17 redbacks
  4 wargs
  3 vampire mosquitoes
  7 swamp worms
  A glowing shapeshifter zombie (Depths:2)
  A hydra simulacrum (Swamp:4)
  3 hell hounds (Spider:3)
  A black bear (Lair:5)
  3 swamp drakes
  16 orc warriors
  2 swamp dragon zombies (Swamp:4)
  A swamp dragon skeleton (Swamp:4)
  11 wolves
  A tengu (shapeshifter) (D:13)
  A centaur (D:14)
  An ogre (Orc:2)
  2 bullfrogs
  A glowing shapeshifter simulacrum (Depths:2)
  5 earth elementals
  4 killer bees (Lair:1)
  4 orc priests
  3 orc wizards
  8 orcs
  4 kobolds (D:11)
  36 foxfires
518 creatures vanquished.

Vanquished Creatures (others)
  A fire giant (Depths:2)
  2 deep elf sorcerers (Elf:3)
  A lindwurm (Vaults:3)
  A wolf spider (Spider:4)
  A deep elf zephyrmancer (Elf:1)
  A necromancer (Depths:3)
  A moth of wrath (Spider:4)
  An air elemental (Elf:1)
  A water elemental (Elf:1)
  A centaur (D:14)
  An electric eel (Lair:2)
  An orc (Depths:1)
  2243 foxfires
  84 fungi
  135 plants
  9 toadstools (Lair:2)
  53 withered plants (Crypt:1)
2537 creatures vanquished.

Grand Total: 4307 creatures vanquished

Notes
Turn   | Place    | Note
-------+----------+-------------------------------------------
     0 | D:1      | Banquo the Djinni Fire Elementalist began the quest for the
                  | Orb.
     0 | D:1      | Banquo set off with the following spells memorised:
                  | Foxfire, Scorch, Volatile Blastmotes, Inner Flame, Flame
                  | Wave.
     0 | D:1      | Reached XP level 1. HP: 15/15 MP: 0/0
   146 | D:1      | Reached XP level 2. HP: 18/21 MP: 0/0
   228 | D:1      | Reached skill level 3 in Spellcasting
   466 | D:1      | Reached XP level 3. HP: 22/25 MP: 0/0
   466 | D:1      | Learned a level 1 spell: Summon Small Mammal
  1125 | D:2      | Reached XP level 4. HP: 27/31 MP: 0/0
  1445 | D:2      | Noticed Terence
  1473 | D:2      | Reached skill level 1 in Fighting
  1473 | D:2      | Reached skill level 1 in Shields
  1473 | D:2      | Reached XP level 5. HP: 36/37 MP: 0/0
  1473 | D:2      | Learned a level 2 spell: Wereblood
  1635 | D:2      | Reached skill level 4 in Spellcasting
  1746 | D:2      | Killed Terence
  1915 | D:2      | Found a runed translucent door.
  1916 | D:2      | Noticed Crazy Yiuf
  2000 | D:3      | Found a glowing drain.
  2040 | Sewer    | Entered a sewer
  2061 | Sewer    | Reached XP level 6. HP: 37/42 MP: 0/0
  2348 | Sewer    | Reached XP level 7. HP: 44/49 MP: 0/0
  2348 | Sewer    | Learned a level 3 spell: Swiftness
  2421 | Sewer    | Reached skill level 5 in Spellcasting
  3804 | D:4      | Reached XP level 8. HP: 49/55 MP: 0/0
  3903 | D:4      | Found a runed translucent gate.
  3903 | D:4      | Found a runed translucent gate.
  3904 | D:4      | Noticed Gandelf's ghost (amateur SpCj)
  3907 | D:4      | Found a runed translucent gate.
  3999 | D:4      | Reached skill level 6 in Spellcasting
  4471 | D:4      | Found Ruclaz's Armour Shoppe.
  4669 | D:5      | Entered Level 5 of the Dungeon
  4850 | D:5      | Found Patuqien's Jewellery Shop.
  5268 | D:6      | Noticed Sigmund
  5459 | D:6      | Reached skill level 7 in Spellcasting
  5459 | D:6      | Reached XP level 9. HP: 54/62 MP: 0/0
  5459 | D:6      | Learned a level 4 spell: Cause Fear
  5498 | D:6      | Noticed Edmund
  5510 | D:6      | Killed Edmund
  5693 | D:6      | Killed Sigmund
  5729 | D:6      | Noticed Pikel
  6006 | D:6      | Noticed Eustachio
  6143 | D:6      | Reached skill level 8 in Spellcasting
  6521 | D:5      | Killed Pikel
  6522 | D:5      | Reached skill level 5 in Fighting
  6522 | D:5      | Reached XP level 10. HP: 55/70 MP: 0/0
  6602 | D:6      | Killed Eustachio
  6603 | D:6      | Reached skill level 9 in Spellcasting
  6938 | D:7      | Found Vahoripn's Antique Weapon Shop.
  7153 | D:7      | Found an iron altar of Okawaru.
  7688 | D:7      | Found a staircase to the Ecumenical Temple.
  7697 | Temple   | Entered the Ecumenical Temple
  7840 | D:8      | Found a shadowy altar of Dithmenos.
  7844 | D:8      | Found a sacrificial altar of Ru.
  7846 | D:8      | Became a worshipper of Dithmenos the Shadowed
  7918 | D:8      | Found a flagged portal.
  7964 | Bailey   | Entered a bailey
  7979 | Bailey   | Reached skill level 10 in Spellcasting
  8387 | Bailey   | Noticed a vault guard
  8392 | Bailey   | Killed a vault guard
  8393 | Bailey   | Reached XP level 11. HP: 51/78 MP: 0/0
  8393 | Bailey   | Learned a level 4 spell: Summon Lightning Spire
  8422 | Bailey   | Noticed Prince Ribbit
  8422 | Bailey   | Noticed a vault guard
  8430 | Bailey   | Killed Prince Ribbit
  8431 | Bailey   | Reached skill level 11 in Spellcasting
  8456 | Bailey   | Killed a vault guard
  8688 | D:8      | Reached * piety under Dithmenos
  8888 | D:8      | Found an opulent altar of Gozag.
  8888 | D:8      | Found a broken altar of Ashenzari.
  8893 | D:8      | Found a basalt altar of Yredelemnul.
  9240 | D:9      | Identified a scroll of acquirement
  9240 | D:9      | Acquired 1344 gold pieces
  9279 | D:7      | Bought a crystal broad axe for 279 gold pieces
  9279 | D:7      | Identified the +1 broad axe "Geiso" {heavy, Contam rF++
                  | Int+3 SInv} (You bought it in a shop on level 7 of the
                  | Dungeon)
  9434 | D:9      | Identified the +9 long sword of Fate {heavy, Contam rC+
                  | Str+3 SInv}
  9963 | D:9      | Noticed a tengu warrior
  9973 | D:9      | Killed a tengu warrior
 10285 | D:10     | Entered Level 10 of the Dungeon
 10368 | D:10     | Found Tyvaugemn's Distillery.
 10383 | D:10     | Bought a potion of degeneration for 15 gold pieces
 10383 | D:10     | Bought a potion of flight for 45 gold pieces
 10383 | D:10     | Bought a potion of heal wounds for 75 gold pieces
 10522 | D:10     | Reached skill level 12 in Spellcasting
 10660 | D:10     | Noticed a two-headed ogre
 10679 | D:10     | Killed a two-headed ogre
 10849 | D:10     | Noticed Josephine
 10864 | D:10     | Killed Josephine
 10865 | D:10     | Reached XP level 12. HP: 55/86 MP: 0/0
 11039 | D:10     | Found a staircase to the Lair.
 11086 | D:10     | Found Otim's Magic Scroll Boutique.
 11092 | D:10     | Bought a scroll of identify for 26 gold pieces
 11092 | D:10     | Bought a scroll of immolation for 52 gold pieces
 11092 | D:10     | Bought a scroll of fear for 52 gold pieces
 11158 | D:10     | Found a white marble altar of Elyvilon.
 11348 | D:10     | Bought a potion of curing for 45 gold pieces
 11460 | Lair:1   | Entered Level 1 of the Lair of Beasts
 11882 | Lair:1   | Reached ** piety under Dithmenos
 11895 | Lair:1   | Reached skill level 13 in Spellcasting
 12110 | Lair:1   | Found a runed translucent door.
 12111 | Lair:1   | Found a shimmering altar of Xom.
 12111 | Lair:1   | Noticed Xafrigaq's ghost (journeyman GnRe)
 12111 | Lair:1   | Noticed a +2 halberd of chaos
 12122 | Lair:1   | Noticed a boulder beetle
 12139 | Lair:1   | Killed a boulder beetle
 12839 | Lair:2   | Found a hole to the Spider Nest.
 13055 | Lair:2   | Reached skill level 14 in Spellcasting
 13059 | Lair:2   | Reached XP level 13. HP: 68/94 MP: 0/0
 13059 | Lair:2   | Learned a level 5 spell: Silence
 13085 | Lair:2   | Noticed a catoblepas
 13153 | Lair:2   | Killed a catoblepas
 13394 | Lair:2   | Reached *** piety under Dithmenos
 13957 | Lair:2   | Found a runed translucent door.
 14428 | Lair:2   | Identified the +1 scale mail of Eternal Vigilance {rN+
                  | Str-2 Dex+3}
 14556 | Lair:3   | Noticed a seven-headed hydra
 14561 | Lair:3   | Killed a seven-headed hydra
 14648 | Lair:3   | Noticed Rupert
 14662 | Lair:3   | Reached skill level 15 in Spellcasting
 14664 | Lair:3   | Killed Rupert
 14674 | Lair:3   | Reached skill level 10 in Fighting
 14765 | Lair:3   | Noticed an eight-headed hydra
 14772 | Lair:3   | Killed an eight-headed hydra
 14943 | Lair:3   | Reached **** piety under Dithmenos
 14966 | Lair:3   | Noticed a five-headed hydra
 14971 | Lair:3   | Killed a five-headed hydra
 15352 | Lair:3   | Found a staircase to the Swamp.
 15946 | Lair:3   | Noticed a four-headed hydra
 15953 | Lair:3   | Killed a four-headed hydra
 16043 | Lair:4   | Reached XP level 14. HP: 38/103 MP: 0/0
 16113 | Lair:4   | Found a frozen archway.
 16773 | IceCv    | Entered an ice cave
 16779 | IceCv    | Reached skill level 16 in Spellcasting
 16961 | IceCv    | Reached ***** piety under Dithmenos
 17124 | IceCv    | Identified the +5 shortbow of Wu Jian's Regard {drain,
                  | +Blink Str+5}
 17871 | IceCv    | Noticed a frost giant
 17884 | IceCv    | Killed a frost giant
 18832 | Lair:4   | Found a viscous altar of Jiyva.
 18836 | Lair:4   | Found a staircase to the Slime Pits.
 19630 | Lair:5   | Entered Level 5 of the Lair of Beasts
 19689 | Lair:4   | Reached skill level 17 in Spellcasting
 19902 | Lair:5   | Reached XP level 15. HP: 92/111 MP: 0/0
 19902 | Lair:5   | Learned a level 6 spell: Simulacrum
 21346 | Lair:5   | Reached ****** piety under Dithmenos
 22146 | Lair:5   | Reached skill level 18 in Spellcasting
 23022 | D:10     | Found Wek Gow's Book Emporium.
 23126 | D:10     | Found Meink's Armour Shop.
 23162 | D:10     | Found Doragg's Weapon Boutique.
 23335 | D:11     | Found Cofij's Magic Scroll Boutique.
 23345 | D:11     | Bought 2 scrolls of teleportation for 66 gold pieces
 23345 | D:11     | Bought a scroll of acquirement for 572 gold pieces
 24175 | D:12     | Reached skill level 1 in Armour
 24335 | D:12     | Found a staircase to the Orcish Mines.
 25416 | Orc:1    | Entered Level 1 of the Orcish Mines
 25636 | Orc:1    | Found a large runed translucent door.
 25636 | Orc:1    | Found a large runed translucent door.
 25638 | Orc:1    | Noticed Zigma's ghost (journeyman DrMo)
 25779 | Orc:1    | Killed Zigma's ghost
 25819 | Orc:2    | Entered Level 2 of the Orcish Mines
 25828 | Orc:2    | Reached XP level 16. HP: 92/118 MP: 0/0
 25898 | Orc:2    | Found a staircase to the Elven Halls.
 25898 | Orc:2    | Found Imnaat's Antique Weapon Boutique.
 26127 | Orc:2    | Noticed Urug
 26209 | Orc:1    | Killed Urug
 26635 | Orc:2    | Found Tocuc's General Store.
 26687 | Orc:2    | Found Xideus's Jewellery Boutique.
 26723 | Orc:2    | Reached skill level 5 in Shields
 26914 | Orc:2    | Found Egaheniq's Antique Armour Boutique.
 27265 | Orc:2    | Reached skill level 5 in Dodging
 27472 | Orc:2    | Bought an amulet of regeneration for 420 gold pieces
 28975 | D:14     | You are sucked into a shaft and drop 1 floor!
 28975 | D:15     | Entered Level 15 of the Dungeon
 29060 | D:15     | Found Bemmiorph's Distillery.
 29340 | D:14     | Found a gate to the Vaults.
 29353 | D:14     | Reached skill level 5 in Armour
 29556 | D:14     | Found Jots's Book Emporium.
 30265 | D:15     | Reached skill level 1 in Invocations
 30600 | D:15     | Found a staircase to the Depths.
 31098 | Spider:1 | Entered Level 1 of the Spider Nest
 31098 | Spider:1 | Noticed Kirke
 31264 | Lair:2   | Killed Kirke
 31265 | Lair:2   | Reached XP level 17. HP: 125/125 MP: 0/0
 31265 | Lair:2   | Learned a level 6 spell: Starburst
 31289 | Spider:1 | Noticed Jorgrun
 31293 | Spider:1 | HP: 6/125 [culicivora (11)]
 31365 | Spider:1 | Killed Jorgrun
 31860 | Spider:1 | Identified the +7 sling "Tute" {freeze, rPois rF- rN+}
 31934 | Spider:2 | Noticed Mandevil's ghost (adept DgHu)
 31934 | Spider:2 | Found a transporter.
 31934 | Spider:2 | Found a transporter.
 32088 | Spider:2 | Identified the amulet "Fisoaju" {Spirit Harm Fragile rF+++
                  | rC-}
 32949 | Spider:2 | Killed Mandevil's ghost
 33378 | Spider:3 | Noticed Azrael
 33401 | Spider:3 | Killed Azrael
 33917 | Spider:3 | Noticed Arachne
 34102 | Spider:3 | Killed Arachne
 34128 | Spider:3 | Reached skill level 10 in Dodging
 34610 | Spider:4 | Entered Level 4 of the Spider Nest
 34799 | Spider:4 | Reached XP level 18. HP: 109/132 MP: 0/0
 34822 | Spider:4 | Reached skill level 10 in Shields
 35777 | Spider:4 | Reached skill level 5 in Invocations
 35803 | Spider:4 | Found the +3 pair of mountain boots {steadfast, rC+}
 35842 | Spider:4 | Got a gossamer rune of Zot
 36163 | Swamp:1  | Entered Level 1 of the Swamp
 36880 | Swamp:2  | Noticed Frances
 36894 | Swamp:2  | Killed Frances
 37695 | Swamp:3  | Reached XP level 19. HP: 100/139 MP: 0/0
 37695 | Swamp:3  | Learned a level 7 spell: Dragon Form
 38287 | Swamp:4  | Entered Level 4 of the Swamp
 38692 | Swamp:3  | Reached skill level 19 in Spellcasting
 39673 | Swamp:4  | Found a basalt altar of Yredelemnul.
 39685 | Swamp:4  | Got a decaying rune of Zot
 39890 | Swamp:4  | Found a blossoming altar of Fedhas.
 40229 | Vaults:1 | Entered Level 1 of the Vaults
 40453 | Vaults:1 | Found Lulaewus's Magic Scroll Emporium.
 41180 | Vaults:1 | Reached XP level 20. HP: 148/148 MP: 0/0
 42043 | Vaults:2 | Found Uxasm's Antique Armour Shoppe.
 42903 | Vaults:2 | Reached skill level 20 in Spellcasting
 43967 | Vaults:3 | Reached skill level 15 in Fighting
 44247 | Vaults:3 | Found a staircase to the Crypt.
 44267 | Vaults:3 | Reached XP level 21. HP: 124/155 MP: 0/0
 44267 | Vaults:3 | Learned a level 7 spell: Monstrous Menagerie
 46273 | Vaults:4 | Reached skill level 21 in Spellcasting
 46391 | Vaults:4 | Noticed Xtahua
 46400 | Vaults:4 | Killed Xtahua
 47632 | Elf:1    | Entered Level 1 of the Elven Halls
 47637 | Elf:1    | Paralysed by an air elemental for 1 turns
 47744 | Elf:1    | Paralysed by an air elemental for 1 turns
 47747 | Elf:1    | Paralysed by an air elemental for 1 turns
 47782 | Elf:1    | Identified the +1 robe of the Evening Star {Regen+}
 48004 | Elf:1    | Identified the +3 tower shield "Ytsiat" {rElec Regen+
                  | Dex-3}
 48004 | Elf:1    | Noticed Louise
 48059 | Elf:1    | Killed Louise
 48410 | Elf:1    | Reached XP level 22. HP: 162/163 MP: 0/0
 48546 | Elf:1    | Reached skill level 1 in Long Blades
 49462 | Elf:2    | Found a runed translucent gate.
 49462 | Elf:2    | Found a runed translucent gate.
 49462 | Elf:2    | Found a runed translucent gate.
 49588 | Elf:2    | Paralysed by an air elemental for 1 turns
 50146 | Elf:3    | Entered Level 3 of the Elven Halls
 50149 | Elf:3    | Found Iwawyon's Armour Emporium.
 50192 | Elf:3    | Paralysed by an air elemental for 1 turns
 50211 | Elf:3    | Found Zeeddeq's Armour Shoppe.
 50350 | Elf:3    | Found Luofitt's Book Shoppe.
 50597 | Elf:3    | Bought a +0 hat of willpower for 176 gold pieces
 51045 | Elf:3    | Found Geosseur's Magic Scroll Shop.
 51238 | Elf:3    | Reached skill level 15 in Shields
 51272 | Elf:3    | Reached skill level 5 in Long Blades
 51545 | Elf:3    | Identified the +2 trident of Agony {flame, +Blink Dex+8
                  | SInv}
 51954 | Elf:3    | Identified the ring "Mide" {rElec Will+ Dex+6}
 52183 | Elf:3    | Identified the +2 pair of boots of Elyvilon's Envy {Harm
                  | Drain rCorr Str+4}
 52185 | Elf:3    | Identified the +4 morningstar "Bofodocu" {heavy, rElec
                  | rPois rN+}
 52563 | Elf:3    | Identified the +1 spear "Nuul Dis" {venom, *Noise Will+
                  | Str+6}
 52564 | Elf:3    | Identified the ring of Ufruqiet {Drain rPois rN+ Int+6
                  | Dex+3}
 53636 | D:2      | Killed Crazy Yiuf
 53752 | D:4      | Killed Gandelf's ghost
 53946 | Lair:1   | Killed Xafrigaq's ghost
 54187 | Depths:1 | Entered Level 1 of the Depths
 54253 | Depths:1 | Noticed Nikola
 54260 | Depths:1 | Killed Nikola
 54261 | Depths:1 | Reached XP level 23. HP: 60/168 MP: 0/0
 54261 | Depths:1 | Learned a level 8 spell: Infestation
 54302 | Depths:1 | Found a flickering gateway to a bazaar.
 54314 | Bazaar   | Entered a bazaar
 54318 | Bazaar   | Found Berosoem's Antique Weapon Boutique.
 54324 | Bazaar   | Bought a fine mace for 152 gold pieces
 54324 | Bazaar   | Identified the +2 mace of Kinash {protect, rPois rF+ Int+2
                  | SInv} (You bought it in a shop in a bazaar)
 54340 | Bazaar   | Found Ifiedowk's Antique Weapon Emporium.
 54361 | Bazaar   | Found Lyrgheps's Magic Scroll Boutique.
 54381 | Bazaar   | Found Cayrch's Antique Armour Shoppe.
 54387 | Bazaar   | Bought a pair of faintly glowing gloves for 123 gold pieces
 54387 | Bazaar   | Identified the +0 pair of gloves of Fofobbu {rN+ Will-
                  | rCorr Int+2} (You bought it in a shop in a bazaar)
 54423 | Bazaar   | Bought a transparent trident for 195 gold pieces
 54423 | Bazaar   | Identified the +8 trident of Truncation {distort, +Blink
                  | rPois rN++} (You bought it in a shop in a bazaar)
 54423 | Bazaar   | Bought a smoking scimitar for 207 gold pieces
 54423 | Bazaar   | Identified the +1 scimitar of the Seventy-Seven Suns
                  | {heavy, Str+2} (You bought it in a shop in a bazaar)
 54474 | Depths:1 | Noticed Saint Roka
 54577 | Depths:1 | Killed Saint Roka
 54651 | Depths:1 | Identified the amulet of Temptation {Faith Rampage Regen+
                  | Slay+5 Stlth-}
 54749 | Depths:1 | Found a glowing golden altar of the Shining One.
 54749 | Depths:1 | Noticed Bai Suzhen
 54803 | Depths:1 | Noticed Sojobo
 54908 | Depths:1 | Reached skill level 10 in Invocations
 54921 | Depths:1 | Found a shimmering altar of Xom.
 54929 | Depths:1 | Found a shimmering altar of Xom.
 54932 | Depths:1 | Found a shimmering altar of Xom.
 55032 | Depths:1 | Paralysed by an air elemental for 1 turns
 55042 | Depths:1 | Paralysed by an air elemental for 1 turns
 55044 | Depths:1 | Paralysed by an air elemental for 1 turns
 55062 | Depths:1 | Paralysed by an air elemental for 1 turns
 55071 | Depths:1 | Paralysed by an air elemental for 1 turns
 55149 | Depths:1 | Killed Bai Suzhen
 55408 | Depths:1 | Found a gateway to Hell.
 55506 | Depths:1 | Killed Sojobo
 55587 | Depths:1 | Found a shimmering altar of Xom.
 55588 | Depths:1 | Found a shimmering altar of Xom.
 55590 | Depths:1 | Found a shimmering altar of Xom.
 55728 | Depths:1 | Found a glowing golden altar of the Shining One.
 56084 | Depths:1 | Found a gateway to Hell.
 56581 | Depths:2 | Reached skill level 22 in Spellcasting
 56886 | Depths:2 | Found a one-way gate leading to the halls of Pandemonium.
 56927 | Depths:2 | Found Quh Vooj's Antique Armour Shop.
 56934 | Depths:2 | Found Vaukk's General Store.
 57032 | Depths:2 | Found the +3 giant club "Skullcrusher" {speed, Str+7}
 57093 | Depths:2 | Noticed a juggernaut
 57104 | Depths:2 | Killed a juggernaut
 57110 | Depths:2 | Noticed a juggernaut
 57139 | Depths:2 | Killed a juggernaut
 57261 | Depths:2 | Noticed a golden dragon
 57278 | Depths:2 | Killed a golden dragon
 57345 | Depths:2 | Noticed a caustic shrike
 57345 | Depths:2 | Identified the +12 scimitar "Gitaumuji" {freeze, Will++}
 57357 | Depths:2 | Killed a caustic shrike
 57429 | Depths:2 | Found the ring of the Tortoise {AC+8}
 57458 | Depths:2 | Identified the staff of death "Raoffob" {rElec rPois rN+}
 57741 | Depths:2 | Noticed a dread lich
 57766 | Depths:2 | Reached XP level 24. HP: 167/177 MP: 0/0
 58293 | Depths:2 | Paralysed by a dread lich for 5 turns
 58308 | Depths:2 | Killed a dread lich
 58786 | Depths:3 | Found a shadowy altar of Dithmenos.
 58810 | Depths:3 | Identified the ring of the Catfish {Drain rF+ AC+4 Int+6}
 60044 | Depths:2 | Found a one-way gate leading to the halls of Pandemonium.
 60199 | Depths:3 | Found a one-way gate to the infinite horrors of the Abyss.
 60322 | Depths:4 | Entered Level 4 of the Depths
 60419 | Depths:4 | Found a one-way gateway to a ziggurat.
 60426 | Depths:4 | Noticed a golden dragon
 60631 | Depths:4 | Found a hide-covered altar of Uskayaw.
 60917 | Depths:4 | Reached skill level 23 in Spellcasting
 61293 | Depths:4 | Noticed a golden dragon
 61308 | Depths:4 | Killed a golden dragon
 61388 | Depths:4 | Identified the +8 demon whip "Goblin's Nightmare" {elec,
                  | rPois Int+3}
 61454 | Depths:4 | Killed a golden dragon
 61761 | Depths:4 | Found a gate to the Realm of Zot.
 62340 | Crypt:1  | Entered Level 1 of the Crypt
 62372 | Crypt:1  | Noticed Aizul
 62382 | Crypt:1  | Killed Aizul
 62460 | Crypt:1  | Identified the +5 chain mail of a bazaar {rElec rPois
                  | Dex-5}
 62827 | Crypt:1  | Identified the +0 longbow "Bisemil" {flame, rPois rN+
                  | Dex+3}
 62992 | Crypt:1  | Reached XP level 25. HP: 145/185 MP: 0/0
 62992 | Crypt:1  | Learned a level 8 spell: Summon Horrible Things
 63041 | Crypt:1  | Found a runed translucent door.
 63041 | Crypt:1  | Found a shimmering altar of Xom.
 63041 | Crypt:1  | Noticed Melaul's ghost (veteran FoVM)
 63041 | Crypt:1  | Identified the +5 great mace "Zitammo" {chaos, rElec rPois
                  | rF+ Will+}
 63228 | Crypt:1  | Noticed a dread lich
 63240 | Crypt:1  | Killed a dread lich
 63373 | Vaults:3 | HP: 2/185 [flayed ghost[a curse skull] (17)]
 63377 | Vaults:3 | Mangled by a yaktaur captain simulacrum

Illustrated notes

Levels and vault maps discovered:
D:1:      minmay_arrival_four_loops, layout_basic
D:2:      layout_rooms, minmay_heptomino_h4, uniq_terence,
          uniq_crazy_yiuf_cottage
D:3:      layout_basic, gup_sewer_entry_glass
D:4:      layout_basic, ebering_ghost_rock_garden, nicolae_inconvenience_store
D:5:      layout_basic, serial_shops, kennysheep_little_box
D:6:      layout_loops_ring, uniq_eustachio, uniq_sigmund, uniq_edmund,
          uniq_pikel
D:7:      layout_loops_ring, okawaru_metal_pillars_1_2, temple_statues,
          minmay_shop_grid_forest
D:8:      layout_loops_ring, nicolae_overflow_hallway_of_the_gods,
          enter_bailey_5
D:9:      layout_loops_cross
D:10:     layout_basic, elyvilon_altar_5, lair_entry_dummy, serial_shops, shop,
          nicolae_shop_bloodbath_and_beyond, nicolae_shop_stone, shop, shop,
          uniq_josephine
D:11:     layout_stronghold, serial_shops, shop
D:12:     layout_grid_maze, david_orc_2, nicolae_eternal_life,
          minmay_misc_feat_tower
D:13:     layout_roguey, nicolae_titane
D:14:     layout_irregular_city, skrybe_vaults_entry_preservation, serial_shops,
          shop, minmay_staircase_windowed_small, chequers_serial_rivers_small_3
D:15:     hangedman_depths_entry_civil_slaughter, layout_irregular_city,
          serial_shops, nicolae_diamond_shop, chequers_serial_rivers_micro_e
Temple:   nicolae_temple_ecumenical_triangle
Lair:1:   layout_roguey [special_room_bee], ebering_ghost_xom,
          grunt_megastairs_1
Lair:2:   gammafunk_lair_enchanted_lake, layout_misc_corridors,
          dummy_spider_entry
Lair:3:   layout_cave_pods, palyth_hydra_swamp_entry, roderic_batcave,
          nicolae_lair_lil_pond, nicolae_quartered_pool_medium,
          small_statue_intersection, serial_bayou_shore_b,
          infiniplex_staircase_pool, uniq_rupert
Lair:4:   layout_cave_pods, nicolae_slime_entry_slimehenge,
          portal_ice_cave_entry_pillars_1, hibernation_bobbens,
          grunt_megastairs_5, lemuel_fruit_tree
Lair:5:   grunt_lair_end_beastmaster, layout_loops_ring
Swamp:1:  layout_basic_swamp, hangedman_swamp_blocks
Swamp:2:  layout_falls_marsh, evilmike_swamp_ruin_rubble_1,
          nicolae_swamp_big_swirl, uniq_frances
Swamp:3:  nicolae_swamp_ascending_descending_big, layout_basic_swamp,
          evilmike_swamp_ruin_house_5
Swamp:4:  byrel_swamp_growth_death_and_undeath, layout_basic_swamp
Spider:1: layout_spider_delve, uniq_jorgrun, uniq_kirke
Spider:2: layout_cave_pods, gammafunk_ghost_mausoleum, drop_trap
Spider:3: layout_chambers, uniq_azrael, uniq_arachne
Spider:4: spider_rune_water, nicolae_spider_nooks_and_crannies
Orc:1:    layout_caves, basic_altar, ebering_ghost_disaster_area
Orc:2:    grunt_orc_gardens, layout_diamond_mine, grunt_orc_garden,
          grunt_orc_garden, grunt_orc_garden, grunt_orc_garden, basic_altar,
          uniq_urug
Elf:1:    nicolae_elf_arrival_aired_out, layout_loops_corners, minivault_28,
          uniq_louise
Elf:2:    nicolae_elf_blades_splatter_lattice [nicolae_blade_little_rooms],
          layout_onion_city
Elf:3:    elf_hall, layout_onion_city, serial_shops, nicolae_lakefront_shop,
          shop, shop_coins, shop, grunt_ministairs_3
Vaults:1: v_misc_14, ontoclasm_vaults_hangar, hangedman_vaults_impose,
          v_misc_23, serial_ice_g, vaults_dpeg_emergency_exit,
          layout_vaults_omnigrid, serial_shops, shop
Vaults:2: v_misc_24, nicolae_vaults_network_quincunx
          [nicolae_vaults_network_quincunx_subvault,
          nicolae_vaults_network_quincunx_subvault,
          nicolae_vaults_network_quincunx_subvault,
          nicolae_vaults_network_quincunx_subvault,
          nicolae_vaults_network_quincunx_subvault], ontoclasm_vaults_chip,
          vaults_mumra_minichess_inversion, vaults_dpeg_hooks,
          nicolae_vaults_what_the_h, nicolae_vaults_specimen_jars,
          nicolae_vaults_shelves_hall, nicolae_vaults_little_squares_3,
          layout_vaults_chaotic_city, serial_shops, nicolae_shop_window_shopping
Vaults:3: vaults_room_large_hall, vaults_standard_mumra_enter_the_diamond,
          hangedman_vaults_unwind, hangedman_vaults_stagger,
          nicolae_vaults_windows_and_doors_thing,
          minmay_crypt_entry_simple_round, hangedman_vaults_maws,
          nicolae_vaults_triangles, nicolae_vaults_c_with_doors,
          vaults_room_pools, nicolae_vaults_angled_halls, grunt_vaults_focal,
          layout_vaults_maze_bifur
Vaults:4: vaults_room_pools, nicolae_vaults_an_arrangement,
          nicolae_vaults_rhombus_5, ontoclasm_vaults_ring_small, v_misc_1,
          vaults_room_grunt_arrival_checkpoint, vaults_room_octagon,
          vaults_dpeg_diagonal, v_misc_26, nicolae_vaults_theta,
          hangedman_vaults_locks, vaults_mumra_hexcomb, vaults_room_pool,
          vaults_room_door_ring, v_misc_1, vaults_dpeg_ring,
          nicolae_vaults_rhombus_5, layout_vaults_ring, uniq_xtahua
Crypt:1:  layout_basic, ebering_ghost_xom, hangedman_weighted_door,
          st_shrine_of_skulls, uniq_aizul
Depths:1: layout_roguey, grunt_hell_horde, tso_metal_star, serial_shops,
          bzr_firewalk, xom_redecorated, serial_bayou_shore_a, uniq_bai_suzhen,
          uniq_nikola, uniq_sojobo, uniq_saint_roka
Depths:2: minmay_nine_rooms, layout_gridlike, grunt_hell_entry_dis_mu,
          grunt_pan_entry_in_and_out, special_room [special_room_morgue],
          serial_bayou_pond_c, chequers_serial_rivers_micro_c,
          grunt_decor_one_mirror, minmay_shoptagon
Depths:3: hangedman_elemental_death_ray, layout_gridville,
          nicolae_dithmenos_shadow_blocks, hell_entry, abyss_entry,
          serial_bayou_shore_b
Depths:4: evilmike_zot_entry_diamond, layout_basic, enter_ziggurat_e,
          hellmouth_1, nicolae_uskayaw_murder_on_the_dancefloor

Skill      XL: |  1  2  3  4  5  6  7  8  9 10 11 12 13 14 15 16 17 18 19 20 21 22 23 24 |
---------------+-------------------------------------------------------------------------+-----
Spellcasting   | 3 4 5 7 8 10 12 14 15 17 18 19 20 21 22 23 | 23.0
Fighting       | 1 2 3 5 6 7 9 10 11 12 13 14 15 16 17 | 17.5
Shields        | 1 2 3 4 7 9 11 12 13 15 16 18 | 18.7
Armour         | 2 5 7 8 |  8.0
Dodging        | 3 7 10 11 12 | 12.0
Invocations    | 2 4 5 7 8 9 10 | 10.0
Long Blades    | 6 |  6.0
Stealth        | |  1.6

Action                     |  1- 3 |  4- 6 |  7- 9 | 10-12 | 13-15 | 16-18 | 19-21 | 22-24 | 25-27 || total
---------------------------+-------+-------+-------+-------+-------+-------+-------+-------+-------++-------
  Melee: Staff             |       |       |       |       |     2 |     5 |     4 |       |       ||    11
         Dagger            |       |       |       |       |       |     3 |       |       |       ||     3
         Long sword        |       |       |       |       |       |       |     1 |    64 |     3 ||    68
   Cast: Foxfire           |    62 |    85 |    98 |   126 |   325 |   356 |   210 |    58 |       ||  1320
         Scorch            |     5 |    21 |    74 |    96 |   240 |   107 |     6 |    10 |       ||   559
         Volatile Blastmot |       |     1 |    54 |    53 |     3 |    30 |    14 |     1 |       ||   156
         Flame Wave        |       |       |     1 |    55 |    91 |    37 |     2 |    17 |       ||   203
         Swiftness         |       |       |     1 |     1 |     3 |     4 |     2 |     2 |     1 ||    14
         Cause Fear        |       |       |       |     3 |     2 |    11 |     2 |     4 |       ||    22
         Summon Lightning  |       |       |       |     6 |    82 |   186 |   218 |   181 |       ||   673
         Simulacrum        |       |       |       |       |    19 |    12 |    23 |     1 |       ||    55
         Starburst         |       |       |       |       |       |   190 |   422 |   466 |    24 ||  1102
         Summon Small Mamm |       |       |       |       |       |     2 |       |     1 |       ||     3
         Dragon Form       |       |       |       |       |       |       |     1 |       |       ||     1
         Monstrous Menager |       |       |       |       |       |       |     4 |    82 |       ||    86
         Infestation       |       |       |       |       |       |       |       |    47 |       ||    47
         Inner Flame       |       |       |       |       |       |       |       |     1 |       ||     1
         Summon Horrible T |       |       |       |       |       |       |       |       |     6 ||     6
Ability: End Transformatio |       |       |       |       |       |       |     1 |       |       ||     1
  Evoke: Wand              |       |       |       |       |     1 |       |       |     1 |       ||     2
    Use: Scroll            |       |       |     7 |    10 |     5 |     4 |     1 |     6 |       ||    33
         Potion            |       |       |       |       |       |     5 |       |     2 |     5 ||    12
   Stab: Sleeping          |       |       |       |       |       |       |     1 |       |       ||     1
         Distracted        |       |       |       |       |       |       |       |     3 |       ||     3
 Armour: Robe              |     3 |     1 |    11 |    19 |    41 |       |       |       |       ||    75
         Leather armour    |       |       |       |       |    15 |       |       |       |       ||    15
         Troll leather arm |       |       |       |       |     5 |    91 |    56 |    76 |    12 ||   240
  Dodge: Dodged            |    10 |     3 |     8 |    43 |    77 |   182 |    92 |   146 |    29 ||   590
  Block: Buckler           |       |     1 |    16 |    43 |    98 |    56 |       |       |       ||   214
         Reflection        |       |       |       |     4 |     1 |     4 |       |       |       ||     9
         Kite shield       |       |       |       |       |       |   137 |   127 |       |       ||   264
         Tower shield      |       |       |       |       |       |       |     4 |   354 |    43 ||   401

Table legend: (Time is in decaauts)
 A = Elapsed time spent in this place.
 B = Non-inter-level travel time spent in this place.
 C = Inter-level travel time spent in this place.
 D = Time resting spent in this place.
 E = Time spent auto-exploring this place.
 F = Levels seen in this place.
 G = Mean time per level.
                   A        B        C        D        E       F      G
               +--------+--------+--------+--------+--------+-----+--------+
         Total |  63562 |  54499 |   9063 |  10176 |  19631 |  47 | 1352.4 |
       Dungeon |  19302 |  14880 |   4422 |   2462 |   6803 |  15 | 1286.8 |
        Temple |     50 |     44 |      6 |      0 |     37 |   1 |   50.0 |
          Lair |  10167 |   9273 |    894 |   3609 |   3197 |   5 | 2033.4 |
         Swamp |   3894 |   3680 |    214 |    362 |   1653 |   4 |  973.5 |
   Spider Nest |   4662 |   4030 |    632 |    301 |   1647 |   4 | 1165.5 |
  Orcish Mines |   1924 |   1747 |    177 |    358 |    700 |   2 |  962.0 |
   Elven Halls |   5331 |   4610 |    721 |    741 |   1481 |   3 | 1777.0 |
        Vaults |   7069 |   5832 |   1237 |    488 |   1525 |   4 | 1767.2 |
         Crypt |   1004 |   1004 |      0 |    103 |    120 |   1 | 1004.0 |
        Depths |   7359 |   6602 |    757 |    592 |   2195 |   4 | 1839.8 |
        Bazaar |    133 |    133 |      0 |      0 |     85 |   1 |  133.0 |
         Sewer |    459 |    459 |      0 |     65 |     71 |   1 |  459.0 |
        Bailey |    640 |    640 |      0 |    383 |      0 |   1 |  640.0 |
      Ice Cave |   1564 |   1564 |      0 |    712 |    117 |   1 | 1564.0 |
               +--------+--------+--------+--------+--------+-----+--------+

Top non-repeatable levels by time:
Depths:2: 3075 daAuts
   Elf:3: 2778 daAuts
    D:10: 2462 daAuts
Vaults:3: 2309 daAuts
  Lair:5: 2269 daAuts
  Lair:4: 2075 daAuts
  Lair:3: 2064 daAuts
  Lair:1: 2016 daAuts
Depths:1: 1921 daAuts
    D:11: 1821 daAuts
    D:12: 1778 daAuts
  Lair:2: 1741 daAuts
Vaults:1: 1659 daAuts
Spider:3: 1655 daAuts
Vaults:2: 1605 daAuts
